AoeStats
← gob b

Arena

504189617Analyzed
3v3 RM · 28d ago on Sep 4, 2026· 34m 56s· 6 players
Game mode
Random Map
Map size
Normal (6 player)
Population
200
Speed
Normal
Resources
Standard
Victory
Conquest
Starting age
Dark Age
Ending age
Imperial Age
RankedLock teamsTeams togetherTeam positionsShared explorationLock speedFull tech treeHidden civsTurbo modeCheats
Victory
Defeat
1269
+14
🇮🇳 Khitans · India
1207
+17
1206
+17
🇻🇳 Koreans · Vietnam
1282
-18
🇷🇺 Goths · Russia
1276
-18
🇩🇪 Vikings · Germany
1129
-12
gob b
10:47 Feudal Age
14:47 Castle Age
13:31 Forging
13:32 Double-Bit Axe
13:54 Domestication
14:41 Gold Mining
20:40 Scale Mail Armor
24:23 Chain Mail Armor
29:43 Bow Saw
32:18 Iron Casting
36:25 Imperial Age
34:34 Wheelbarrow
34:49 Loom
35:17 Pastoralism
[T41] Indian War Lord
12:04 Feudal Age
15:42 Castle Age
13:38 Double-Bit Axe
14:08 Horse Collar
16:08 Wheelbarrow
18:22 Chemistry
18:25 Loom
23:57 Bow Saw
24:47 Heavy Plow
30:38 Imperial Age
28:16 Fletching
29:37 Forging
30:04 Squires
29:29 Pikeman
31:08 Ballistics
31:33 Iron Casting
30:58 Scale Mail Armor
31:25 Padded Archer Armor
35:30 Bombard Tower
HuNTeR <3<3<3 Chipdi
0:27 Loom
13:37 Feudal Age
15:51 Double-Bit Axe
18:46 Castle Age
16:43 Horse Collar
17:20 Stone Mining
17:24 Gold Mining
21:37 Elite Skirmisher
22:40 Fletching
22:50 Padded Archer Armor
25:40 Wheelbarrow
25:53 Ballistics
32:38 Imperial Age
30:26 Hand Cart
30:39 Bodkin Arrow
30:59 Leather Archer Armor
30:57 Forging
31:38 Bow Saw
31:31 Heavy Plow
32:46 Scale Barding Armor
32:42 Scale Mail Armor
33:46 Iron Casting
33:53 Gold Shaft Mining
33:54 Stone Shaft Mining
34:00 Conscription
35:48 Two-Man Saw
35:20 Chain Barding Armor
35:16 Chain Mail Armor
kabotajoe
11:44 Feudal Age
12:31 Horse Collar
16:06 Castle Age
16:24 Double-Bit Axe
17:25 Heavy Plow
23:32 Bow Saw
26:13 Crossbowman
boomer2000
11:20 Feudal Age
12:46 Double-Bit Axe
13:09 Horse Collar
15:42 Castle Age
16:48 Wheelbarrow
18:26 Bow Saw
21:04 Loom
22:22 Heavy Plow
23:48 Gold Mining
23:48 Stone Mining
25:35 Stone Shaft Mining
26:29 Hand Cart
27:09 Scale Mail Armor
27:19 Forging
30:02 Imperial Age
28:07 Anarchy
28:26 Squires
29:24 Chain Mail Armor
29:45 Iron Casting
30:38 Masonry
30:27 Elite Huskarl
31:17 Perfusion
32:23 Crop Rotation
33:39 Two-Man Saw
34:05 Chemistry
35:44 Blast Furnace
36:16 Two-Man Saw
34:53 Pikeman
VN_BILL
10:49 Feudal Age
12:35 Double-Bit Axe
14:51 Castle Age
13:13 Loom
14:22 Fletching
16:32 Bow Saw
17:58 Bodkin Arrow
24:26 Wheelbarrow
Connection lost

Rejoining the realm…

Still unreachable

The connection could not be restored.

Session expired

The server has moved on; the page needs a fresh start.